Cogmind - Beta 13 @@@ ROGUE MODE // 2024.05.01 @ 19:56:25 Player: Gold Spoon Result: Destroyed by G-47 Trooper with Particle Gun Performance ------------- Evolutions (0) 0 Regions Visited (2) 400 Robots Destroyed (21) 105 Value Destroyed (419) 419 Prototype IDs (4) 80 Alien Tech Used (0) 0 Bonus (0) 0 TOTAL SCORE: 1004 Bonus ------- None Cogmind --------- Core Integrity 0/250 Matter 234/300 Energy 100/100 System Corruption 0% Temperature Cool (27) Movement Core (400) Ox7 Location -10/Mines Parts ------- > --- POWER (1) -------- (None) > --- PROPULSION (2) --- (None) > --- UTILITY (2) ------ Large Storage Unit Signal Interpreter > --- WEAPON (2) ------- Assault Rifle > --- INVENTORY (15) --- Assault Rifle Grenade Launcher Mining Claw Peak State ------------ > --- POWER ------------ Light Ion Engine > --- PROPULSION ------- Wheel Wheel > --- UTILITY ---------- Small Storage Unit Large Storage Unit > --- WEAPON ----------- Assault Rifle Assault Rifle > --- INVENTORY -------- Light Ion Engine [Rating: 7] Favorites ----------- Power Light Ion Engine Engine Light Ion Engine Propulsion Compact Wheel Wheel Compact Wheel Utility Large Storage Unit Storage Large Storage Unit Processor Signal Interpreter Weapon Assault Rifle Ballistic Gun Assault Rifle Launcher Grenade Launcher Slashing Weapon Mining Claw Build | -11 -10 -10 ------- Run | Yrd Mat Min Slots Evolved . | . . . Power . | . . . Propulsion . | . . . Utility . | . . . Weapon . | . . . Parts Attached 22 | 6 11 5 Power 3 | 1 2 . Engine 3 | 1 2 . Core . | . . . Reactor . | . . . Propulsion 8 | 2 5 1 Treads . | . . . Leg . | . . . Wheel 8 | 2 5 1 Hover . | . . . Flight . | . . . Utility 3 | 1 2 . Device . | . . . Storage 2 | 1 1 . Processor 1 | . 1 . Hackware . | . . . Protection . | . . . Artifact . | . . . Weapon 8 | 2 2 4 Energy Gun . | . . . Energy Cannon . | . . . Ballistic Gun 6 | 2 2 2 Ballistic Cannon . | . . . Launcher 1 | . . 1 Special Weapon . | . . . Impact Weapon . | . . . Slashing Weapon 1 | . . 1 Piercing Weapon . | . . . Special Melee Weapon . | . . . Unidentified Prototypes . | . . . Parts Lost 13 | . 7 6 Power 3 | . 2 1 Propulsion 6 | . 3 3 Utility . | . . . Weapon 4 | . 2 2 Highest Loss Streak 4 | . 4 4 To Critical Strikes . | . . . Average Slot Usage (%) 92 | . 93 90 Engine 12 | . 12 12 Wheel 23 | . 24 21 Storage 14 | . 14 14 Processor 13 | . 13 14 Ballistic Gun 26 | . 27 17 Naked Turns . | . . . Heaviest Build 28 | 12 27 28 Greatest Support 32 | 20 32 32 Greatest Overweight (x) 3 | 3 2 1 Average Overweight (x) . | . . . Largest Inventory Capacity 15 | 8 15 15 Average Capacity 14 | 6 14 15 Most Carried 8 | 2 8 4 Average Carried 4 | . 5 3 Final Capacity 15 | 8 15 15 Final Carried 4 | 1 4 3 Class Distribution -------------------- 100% | Mutant Dominant Class ---------------- Mutant | -10/Materials Mutant | -10/Mines Resources | -11 -10 -10 ----------- Run | Yrd Mat Min Matter Collected 817 | 181 541 95 Remotely . | . . . Salvage Created 603 | . 481 122 Parts 39 | . 33 6 Haulers Intercepted . | . . . Recyclers Shooed 3 | . 1 2 Parts Field Recycled . | . . . Retrieved Matter . | . . . Parts Self-Destructed . | . . . Prevented . | . . . Kills | -11 -10 -10 ------- Run | Yrd Mat Min Combat Hostiles Destroyed 19 | . 12 7 Melee 1 | . . 1 Guns 14 | . 12 2 AOE 4 | . . 4 Classes Destroyed 8 | . 7 1 Worker 2 | . 1 1 Builder 1 | . 1 . Recycler 1 | . 1 . Operator 1 | . 1 . Watcher 2 | . 2 . Swarmer 6 | . 6 . Grunt 8 | . 6 2 Assembled 5 | . . 5 Best Kill Streak 6 | . 3 6 Combat Bots Only 5 | . 3 5 Max Kills in Single Turn 3 | . 1 3 Gunslinging . | . . . Exploded 3 | . . 3 Melee 1 | . . 1 Uniques/NPCs Destroyed . | . . . Combat | -11 -10 -10 -------- Run | Yrd Mat Min Hostile Shots Fired 101 | . 72 29 Missed 16 | . 11 5 Damage Taken 1108 | . 666 442 Core 251 | . 145 106 Absorbed by Shields . | . . . Regen/Repaired (Parts) 22 | . 22 . Core Remaining (%) 100 | 100 . . Volleys Fired 90 | . 69 21 Largest 2 | . 2 2 Hottest 40 | . 40 40 Shots Fired 169 | . 135 34 Gun 166 | . 135 31 Cannon . | . . . Launcher 3 | . . 3 Special . | . . . Kinetic 166 | . 135 31 Thermal . | . . . Explosive 3 | . . 3 Electromagnetic . | . . . Robot Hit Streak 13 | . 13 7 Robot Miss Streak 5 | . 5 3 Penetration Max . | . . . Secondary Targets 3 | . 3 . Max Gunslinging Chain 1 | . 1 . Shots Hit Robots 100 | . 79 21 Core Hits 43 | . 27 16 Critical Kills . | . . . Critical Parts Destroyed 1 | . 1 . Critical Strikes 1 | . 1 . Destroy 1 | . 1 . Melee Attacks 1 | . . 1 Impact . | . . . Slashing 1 | . . 1 Piercing . | . . . Sneak Attacks . | . . . Combat Hostiles . | . . . Follow-up Attacks . | . . . Damage Inflicted 1615 | . 1000 615 Guns 1236 | . 1000 236 Cannons . | . . . Explosions 349 | . . 349 Melee 30 | . . 30 Ramming . | . . . Kinetic 1236 | . 1000 236 Thermal . | . . . Explosive 349 | . . 349 Electromagnetic . | . . . Impact . | . . . Slashing 30 | . . 30 Piercing . | . . . Highest Corruption . | . . . Average Corruption . | . . . Corruption Purged . | . . . Corruption Blocked . | . . . Overload Shots . | . . . Overflow Damage 6 | . . 6 Projectiles . | . . . Explosions 6 | . . 6 Melee . | . . . Knockbacks . | . . . Impact . | . . . Kinetic . | . . . Secondary . | . . . Self-Inflicted Damage 104 | . . 104 Shots 3 | . . 3 Rammed . | . . . Targets Rammed . | . . . Kicked . | . . . Crushed . | . . . Highest Temperature 70 | . 27 70 Average Temperature 19 | . 13 24 Received Heat Transfer 603 | . 309 294 Siege Activations . | . . . Robots Corrupted . | . . . Combat Hostiles . | . . . Parts Fried . | . . . Impact Corruptions . | . . . Robots Melted . | . . . Combat Hostiles . | . . . Parts Melted . | . . . Heat Transferred . | . . . Parts Sabotaged . | . . . Parts Stolen . | . . . Parts Stripped . | . . . Power Chain Reactions . | . . . Alert | -11 -10 -10 ------- Run | Yrd Mat Min Peak Influence 144 | . 144 80 Initial 19 | . . 19 Average 69 | . 74 55 Maximum Alert Level . | . . . Low Security (%) 100 | 100 100 100 Level 1 . | . . . Level 2 . | . . . Level 3 . | . . . Level 4 . | . . . Level 5 . | . . . High Security . | . . . Max Security . | . . . Squads Dispatched 2 | . 2 . Investigation 1 | . 1 . Extermination . | . . . Reinforcement 1 | . 1 . Assault . | . . . Garrison . | . . . Intercept . | . . . Searches Triggered . | . . . Construction Impeded . | . . . Haulers Reinforced . | . . . Active Scanning Responses . | . . . Cargo Convoy Interrupts . | . . . Stealth | -11 -10 -10 --------- Run | Yrd Mat Min Distress Signals . | . . . Communications Jammed . | . . . Distress Signals . | . . . Times Spotted 32 | . 19 13 Peak Tracking Total 7 | . 3 7 Tactical Retreats . | . . . Traps | -11 -10 -10 ------- Run | Yrd Mat Min Traps Triggered . | . . . Indirectly . | . . . Trap Hack Attempts . | . . . Triggered . | . . . Disarmed . | . . . Reprogrammed . | . . . Reused . | . . . Traps Extracted . | . . . Installed . | . . . Triggered . | . . . Machines | -11 -10 -10 ---------- Run | Yrd Mat Min Machines Disabled . | . . . Max in Single Turn . | . . . Machines Repaired . | . . . Machines Dismantled . | . . . Machines Sabotaged . | . . . Overloaded Fab Kills . | . . . Hacking | -11 -10 -10 --------- Run | Yrd Mat Min Machines Accessed 7 | . 7 . Terminals 6 | . 6 . Fabricators . | . . . Repair Stations 1 | . 1 . Recycling Units . | . . . Scanalyzers . | . . . Garrison Access . | . . . Total Hacks 21 | . 21 . Successful 12 | . 12 . Failed 9 | . 9 . Catastrophic 1 | . 1 . Database Lockouts . | . . . Manual . | . . . Terminals 16 | . 16 . Fabricators . | . . . Repair Stations 5 | . 5 . Recycling Units . | . . . Scanalyzers . | . . . Garrison Access . | . . . Terminal Hacks 8 | . 8 . Robot Analysis 1 | . 1 . Prototype ID Bank 3 | . 3 . Emergency Access Points 1 | . 1 . Terminal Index 1 | . 1 . Alert Level 2 | . 2 . Fabricator Hacks . | . . . Repair Station Hacks 4 | . 4 . Scan Component 2 | . 2 . Repair 2 | . 2 . Recycling Unit Hacks . | . . . Scanalyzer . | . . . Garrison Access Hacks . | . . . Unauthorized Hacks . | . . . Terminals . | . . . Fabricators . | . . . Repair Stations . | . . . Recycling Units . | . . . Scanalyzers . | . . . Garrison Access . | . . . Data Cores Recovered . | . . . Used . | . . . Hacking Detections 7 | . 7 . Full Trace Events 1 | . 1 . Feedback Events . | . . . Feedback Blocked . | . . . Robot Schematics Acquired . | . . . Robots Built . | . . . Authchips . | . . . Time . | . . . Total Robot Build Rating . | . . . Part Schematics Acquired . | . . . Parts Built . | . . . Authchips . | . . . Time . | . . . Total Part Build Rating . | . . . Parts Repaired 2 | . 2 . Time 52 | . 52 . Parts Recycled . | . . . Recycled Matter . | . . . Retrieved Matter . | . . . Retrieved Components . | . . . Parts Scanalyzed . | . . . Part Schematics Acquired . | . . . Parts Damaged . | . . . Bothacking | -11 -10 -10 ------------ Run | Yrd Mat Min Used RIF Installer . | . . . Robots Hacked . | . . . Non-combat . | . . . Combat . | . . . Robot Hacks Applied . | . . . Relay Couplers Released . | . . . Fabnet Peak Effective % . | . . . Robots Rewired . | . . . Allies Hacked . | . . . Hacks Repelled . | . . . Allies | -11 -10 -10 -------- Run | Yrd Mat Min Total Allies . | . . . Largest Group . | . . . Highest-Rated Group . | . . . Highest-Rated Ally . | . . . Total Orders . | . . . Ally Attacks . | . . . Total Damage . | . . . Kills . | . . . Allies Corrupted . | . . . Allies Melted . | . . . Intel | -11 -10 -10 ------- Run | Yrd Mat Min Robot Analysis Total 1 | . 1 . Derelict Logs Recovered 1 | . . 1 Drone Launches . | . . . Drone Recoveries . | . . . Exploration | -11 -10 -10 ------------- Run | Yrd Mat Min Turns Passed 1243 | 59 1065 119 Spaces Moved 852 | 44 757 51 Core 18 | 18 . . Treads . | . . . Legs . | . . . Wheels 834 | 26 757 51 Hover . | . . . Flight . | . . . Fastest Speed 50 | 50 80 100 Average Speed 101 | 102 101 107 Slowest Speed 200 | 200 115 115 Overloaded Moves . | . . . Propulsion Burnouts . | . . . Robots Hopped . | . . . Cave-ins Triggered . | . . . Exploration Rate (%) 38 | 4 96 14 Regions Visited 2 Branch Regions 1 Pre-discovered Areas . | . . . Known Exits Taken 1 | . 1 . Unknown Exits Taken 1 | 1 . . Scrap Searched . | . . . Spaces Dug . | . . . Terrain Destroyed 26 | . . 26 Melee . | . . . Projectile . | . . . AOE 26 | . . 26 Terrain Rammed . | . . . Walls Destroyed . | . . . Machines Disabled . | . . . Actions | -11 -10 -10 --------- Run | Yrd Mat Min Total 1050 | 55 916 79 Wait 74 | 4 70 . Move 850 | 43 756 51 Hop . | . . . Pick Up 11 | 2 9 . Fast Attach 11 | 5 5 1 Attach 9 | 1 6 2 Detach 1 | . . 1 Swap 2 | . . 2 Drop 1 | . 1 . Fire 90 | . 69 21 Melee 1 | . . 1 Ram . | . . . Kick . | . . . Crush . | . . . Escape Stasis . | . . . Rewire . | . . . Trap . | . . . Miscellaneous . | . . . Route ------- -11/Scrapyard -10/Materials (discovered 4 exits: *Mat x3 / *Min) -10/Mines History --------- Turn | Location | Event 5 | -11/Scrapyard | Discovered new exit (range 15) 60 | -11/Scrapyard | Entered Materials 307 | -10/Materials | Build established: Mutant 380 | -10/Materials | Discovered new exit (range 3) 431 | -10/Materials | Discovered new exit (range 7) 593 | -10/Materials | Discovered new exit (range 3) 742 | -10/Materials | Repaired Com. Wheel 770 | -10/Materials | Repaired Com. Wheel 856 | -10/Materials | Identified exit to Mines 886 | -10/Materials | Discovered new exit (range 9) 894 | -10/Materials | Identified exit to Materials 1026 | -10/Materials | Core integrity fell below 50% 1068 | -10/Materials | Lost 4 parts (1p1n2w) 1125 | -10/Materials | Entered Mines 1161 | -10/Mines | Met a Derelict bent on vengeance 1171 | -10/Mines | Assembled infested the area 1176 | -10/Mines | Assisted by a Guerilla fighting off Assembled 1179 | -10/Mines | Learned Materials terminal intel 1196 | -10/Mines | Core integrity fell below 20% 1244 | -10/Mines | Destroyed by G-47 Trooper with Particle Gun Last Messages --------------- as-55527 destroyed. NT-NZX(h) system terminally corrupted. as-69426 destroyed. Destroyed Asb. F-torch. Critical hit (Burn: +80). as-31621 destroyed. as-61134 destroyed. as-87472 destroyed. Assault Rifle destroyed. as-18156 destroyed. Acquired 30 matter. Acquired 4 matter. Acquired Com. Wheel. The unstable cave ceiling collapses. as-06895 destroyed. Assault Rifle destroyed. Lgt. Ion Engine destroyed. Critical hit (Burn: +37). Com. Wheel destroyed. Critical hit (Burn: +37). Map ----- +----------------------------------------------------+ | ?????????????????????????????????????????????????? | | ?????????????????????????????????????????????????? | | ?????????????????????????????????????????????????? | | ?????????????????? ?????????????????????????????? | | ??????????????###? ?????????????????????????????? | | ?????????????? ?????????????????????????????? | | ?????????????? ?????????????????????????????? | | ?????????????? ?????????????????????????????? | | ?????????????? ??????????????????????????????? | | ?????????????? ??????????????????????????????? | | ?????????????? ??????????????????????????????? | | ??????????????# ???????????????????????????????? | | ?????????????? ???????????????????????????????? | | ?????????????? #???????????????????????????????? | | ?????????????? #???????????????????????????????? | | ??????????????# #???????????????????????????????? | | ?????????????##! #### #?????????????????????? | | ?????????????#% % #?????????????????????? | | ?????????????#!####### #??????????????????????? | | ????????????## ######????????????????????????????? | | ???????????## ]= #????????????????????????????? | | ???????????# ### #????????????????????????????? | | ???????????# #########????????????????????? | | ???????????# #????????????????????? | | ???????????# =% """ """g #????????????????????? | | ???????????# """ """@ #????????????????????? | | ??####?????# # """ """g #????????????????????? | | ?## ##????# ## #????????????????????? | | ## #????### ## """ """ #????????????????????? | | # ####### ## """ """ #????????????????????? | | *%! # """ """ #????????????????????? | | ## ###= # #????????????????????? | | ###### #?# #?###########????????????????????? | | ##????#[ ##????????????????????????????????? | | #?????###### ##?????????????????????????????????? | | ???????????####??????????????????????????????????? | | ?????????????????????????????????????????????????? | | ?????????????????????????????????????????????????? | | | | | | | | | | | | | | | | | | | | | | | | | +----------------------------------------------------+ Best States ------------- Heat Dissipation 25 Energy Generation 10 Energy Capacity 125 Matter Stores 300 Matter Capacity 300 Sight Range 16 Terrain Scan Density 10 Evasion (%) 44 Item Schematics ----------------- None Robot Schematics ------------------ None Fabricated ------------ Nothing Alien Tech Used ----------------- None Achievements -------------- None Challenges ------------ None Game ------ Seed ForceAluminumDetector Manual? 0 Play Time 00:11:29 Cumulative 29.6 hours Start 2024.05.01 @ 19:46:30 End 2024.05.01 @ 19:56:25 Sessions 1 Manual Loads 0 Difficulty Rogue Special Mode None Game No. 49 Rogue 47 Adventurer 2 Explorer 0 Win Type - Total 0 Types 0/0/0/0/0/0/0/0/0 Lore% 29 Gallery% 24 Achievement% 21 Wizard Run 0 Options --------- Layout 1 ASCII 0 Keyboard 0 Movement Mouse Keybinds 0 Fullscreen 1 Font 24/Smallcaps Map View 50x40 Zoom Use 0% Tactical HUD 0 Map Filters NONE Filters NONE Steam 1 RUN: 3694af41-ee50-42e3-8b2f-9210b64dbdbd